 Dungeon Crawl Stone Soup version 0.30.1-4-g462c640d31 (webtiles) character file.

Game seed: 10550966358264888646

50258 Almogavar the Warrior (level 14, -17/138 HPs)
             Began as a Minotaur Berserker on Sept 5, 2023.
             Was the Champion of Trog.
             Demolished by a dire elephant (31 damage)
             ... on level 5 of the Lair of Beasts.
             The game lasted 00:50:35 (14609 turns).

Almogavar the Warrior (Minotaur Berserker)         Turns: 14609, Time: 00:50:36

Health: -17/138    AC: 12    Str: 32    XL:     14   Next: 19%
Magic:  13/13      EV: 14    Int:  4    God:    Trog [******]
Gold:   1006       SH: 10    Dex: 11    Spells: 13/13 levels left

rFire   . . .        E - +5 demon blade (heavy)
rCold   . . .        G - +0 kite shield
rNeg    . . .        F - +0 swamp dragon scales
rPois   +            (helmet restricted)
rElec   .            a - +0 cloak
rCorr   .            (no gloves)
SInv    .            b - +0 pair of boots
Will    +....        j - amulet of regeneration Stlth
                     i - +6 ring of strength
HPRegen 1.23/turn    g - +4 ring of slaying
MPRegen 0.13/turn

%: no passive effects
@: silenced
A: horns 2, retaliatory headbutt
a: Renounce Religion


You were on level 5 of the Lair of Beasts.
You worshipped Trog.
Trog was exalted by your worship.
You visited 2 branches of the dungeon, and saw 16 of its levels.

You collected 1006 gold pieces.

Inventory:

Hand Weapons
 E - a +5 heavy demon blade (weapon)
 M - a +2 sling of flaming
 T - a +3 scimitar of flaming
Armour
 a - a +0 cloak (worn)
 b - a +0 pair of boots (worn)
 m - an orb of light
 F - +0 swamp dragon scales (worn)
 G - a +0 kite shield (worn)
 S - +0 acid dragon scales
Jewellery
 d - a ring of positive energy
 g - a +4 ring of slaying (right hand)
 i - a +6 ring of strength (left hand)
 j - an amulet of regeneration (around neck)
 s - a ring of positive energy
 P - a +6 ring of intelligence
 U - a ring of magical power
 W - a ring of protection from fire
 X - an amulet of reflection
Wands
 q - a wand of charming (29)
 u - a wand of acid (11)
 A - a wand of digging (13)
 C - a wand of iceblast (2)
 N - a wand of flame (6)
Scrolls
 c - a scroll of enchant weapon
 l - 2 scrolls of blinking
 n - 2 scrolls of butterflies {unknown}
 o - 2 scrolls of teleportation
 p - a scroll of poison {unknown}
 t - 2 scrolls of silence
 v - a scroll of magic mapping {unknown}
 x - 2 scrolls of fear {unknown}
 y - 2 scrolls of brand weapon {unknown}
 J - 2 scrolls of amnesia {unknown}
 K - 6 scrolls of fog {unknown}
 L - a scroll of enchant armour {unknown}
Potions
 e - 7 potions of curing
 f - a potion of magic
 h - 2 potions of lignification
 k - 3 potions of brilliance
 r - 3 potions of mutation {unknown}
 w - 6 potions of degeneration {unknown}
 z - 3 potions of cancellation {unknown}
 B - 2 potions of attraction {unknown}
 D - 3 potions of flight {unknown}
 H - 3 potions of haste {unknown}
 I - a potion of invisibility {unknown}
 O - a potion of resistance {unknown}
 Q - a potion of heal wounds {unknown}
 R - 3 potions of might {unknown}
Miscellaneous
 V - a condenser vane


   Skills:
 + Level 16.5 Fighting
 - Level 14.9 Long Blades
 + Level 4.9 Ranged Weapons
 - Level 9.0 Armour
 + Level 11.0 Dodging
 + Level 8.7 Shields
 * Level 8.2 Evocations


You had 13 spell levels left.
You didn't know any spells.
Your spell library was empty.

Dungeon Overview and Level Annotations

Branches:
Dungeon (11/15)            Temple (0/1) D:7            Lair (5/5) D:11
  Swamp (0/4) Lair:3        Snake (0/4) Lair:2        Slime (0/5) Lair:4
    Orc: D:9-12

Altars:
Ashenzari
Cheibriados
Dithmenos
Elyvilon
Fedhas
Gozag
Hepliaklqana
Kikubaaqudgha
Makhleb
Nemelex Xobeh
Okawaru
Qazlal
Ru
Sif Muna
Trog
Uskayaw
Vehumet
Wu Jian
Xom
Yredelemnul
Zin
The Shining One

Shops:
D:5 *

Annotations:
Lair:4 Snorg


Innate Abilities, Weirdness & Mutations

You have a pair of horns on your head.
You reflexively headbutt those who attack you in melee.


Message History

The dire elephant trunk-slaps you but does no damage.
You slice the dire elephant!! You headbutt the dire elephant!
The dire elephant is severely wounded.
The dire elephant tramples you!!
You hold your ground!
The dire elephant trunk-slaps you.
You hit the dire elephant. You headbutt the dire elephant.
The dire elephant is almost dead.
You block the dire elephant's attack. The dire elephant closely misses you.
You hit the dire elephant.
The dire elephant is almost dead.
The dire elephant tramples you!!
* * * LOW HITPOINT WARNING * * *
You stumble backwards!
You barely miss the dire elephant.
You headbutt the dire elephant, but do no damage.
The dire elephant is almost dead.
The dire elephant tramples you!!
* * * LOW HITPOINT WARNING * * *
You stumble backwards!
Magic scrolls do not work when you're silenced!
You feel better. You block the dire elephant's attack.
The dire elephant misses you.
You hit the dire elephant.
You headbutt the dire elephant, but do no damage.
The dire elephant is almost dead.
The dire elephant barely misses you. You furiously retaliate!
You headbutt the dire elephant! The dire elephant trunk-slaps you!
* * * LOW HITPOINT WARNING * * *
The dire elephant attacks as you move away!
You block the dire elephant's attack. The dire elephant trunk-slaps you!
* * * LOW HITPOINT WARNING * * *
You block the dire elephant's attack. The dire elephant misses you.
The dire elephant tramples you.
* * * LOW HITPOINT WARNING * * *
You stumble backwards!
You slash the dire elephant!
You kill the dire elephant!
Trog accepts your kill.
You feel better. The dire elephant tramples you!!
You die...

.......#.#........###
...............#########
..............## ####♣P###
.............♣# ##Z'...P#
...........<.########♣..♣♣
.............♣#8.8###♣♣..♣♣
.............##...# ♣P..♣
.............##.Y.# #...##
.............##.@.# ##...#
.............♣#...#####...##
.............♣#...'..8##...#
..............######..'....#
..............♣# #.p..'...##
...............♣ #.####..P#
...............♣##.#..Y..##
...........[...♣#..#..'..#
...P...........##.##Yp####


You could see a dire elephant and a spectral anaconda.

Vanquished Creatures
  The ghost of Cuxurian the Carver, a journeyman BaMo of the Shining One (Lair:4)
  3 dire elephants (Lair:5)
  3 hydras
  2 catoblepae
  Erica (D:10)
  A two-headed ogre (D:9)
  4 death yaks
  2 skysharks
  An obsidian statue (Lair:5)
  2 bog bodies (Lair:3)
  Pikel (D:7)
  A dire elephant zombie (Lair:5)
  9 elephants (Lair:4)
  A torpor snail (Lair:2)
  3 black mambas
  A gargoyle (D:10)
  Maggie (D:7)
  Joseph (D:9)
  An unseen horror (D:11)
  15 cane toads
  2 kobold demonologists (D:10)
  A rime drake (Lair:5)
  A dire elephant skeleton (Lair:5)
  10 komodo dragons
  4 trolls
  23 blink frogs
  A hornet (D:8)
  14 dream sheep
  A spectral elephant (Lair:5)
  A shadow (D:11)
  45 yaks
  2 wyverns
  5 basilisks
  2 wargs (D:11)
  Menkaure (D:7)
  2 acid dragons (D:10)
  3 nagas (Lair:2)
  7 water moccasins
  An elephant zombie (Lair:5)
  2 orc warriors
  A sky beast (D:7)
  A black bear (D:6)
  An ice beast (D:5)
  An ogre (D:7)
  20 wolves
  13 centaurs
  2 elephant skeletons (Lair:5)
  A lemure (D:7)
  3 kobold brigands
  Blork the orc (D:7)
  7 bullfrogs
  2 gnoll sergeants (D:7)
  7 scorpions
  A cane toad simulacrum (Lair:5)
  9 wights
  9 killer bees
  3 howler monkeys
  2 electric eels
  2 centaur zombies (D:7)
  4 hounds
  5 orc priests
  4 jellies
  A gnoll bouda (D:9)
  Ijyb (D:5)
  4 iguanas
  6 orc wizards
  4 hell rats (Lair:5)
  A mummy (D:6)
  A howler monkey zombie (D:7)
  5 adders
  7 gnolls
  A shadow imp (D:7)
  2 white imps
  2 ufetubi
  A worm (D:3)
  A dart slug (D:4)
  21 orcs
  10 bats
  11 endoplasms
  4 giant cockroaches
  4 goblins
  5 hobgoblins
  5 jackals
  11 quokkas
  7 ball pythons
  6 frilled lizards
  13 kobolds
  6 rats
421 creatures vanquished.

Vanquished Creatures (others)
  A cane toad (Lair:5)
  A polar bear (Lair:4)
  A human (D:5)
  A gnoll (D:9)
  A kobold (D:10)
5 creatures vanquished.

Grand Total: 426 creatures vanquished

Notes
Turn   | Place    | Note
-------+----------+-------------------------------------------
     0 | D:1      | Almogavar the Minotaur Berserker began the quest for the
                  | Orb.
     0 | D:1      | Reached XP level 1. HP: 19/19 MP: 0/0
    94 | D:1      | Reached XP level 2. HP: 26/27 MP: 1/1
   121 | D:1      | Reached skill level 4 in Fighting
   445 | D:1      | Reached XP level 3. HP: 27/33 MP: 2/2
   545 | D:1      | Reached ** piety under Trog
   781 | D:2      | Reached XP level 4. HP: 30/40 MP: 3/3
   788 | D:2      | Reached skill level 5 in Long Blades
  1503 | D:3      | Found an ornate altar of the Wu Jian Council.
  1511 | D:3      | Found an iron altar of Okawaru.
  1610 | D:3      | Found a burning altar of Makhleb.
  1664 | D:3      | Reached XP level 5. HP: 41/47 MP: 4/4
  1785 | D:3      | Reached *** piety under Trog
  1797 | D:3      | Found a faded altar of an unknown god.
  1801 | D:3      | Found a shimmering altar of Xom.
  1861 | D:3      | Noticed a centaur
  1866 | D:3      | Killed a centaur
  1899 | D:3      | Found a broken altar of Ashenzari.
  1903 | D:3      | Saw a vision of the Swamp and the Snake Pit.
  1903 | D:3      | Noticed a naga
  1903 | D:3      | Noticed a shock serpent
  1903 | D:3      | Noticed a salamander
  1903 | D:3      | Noticed a black mamba
  1903 | D:3      | Noticed a naga
  1903 | D:3      | Noticed a shock serpent
  1903 | D:3      | Noticed a naga
  1903 | D:3      | Noticed a goliath frog
  1903 | D:3      | Noticed a naga
  1903 | D:3      | Noticed a swamp drake
  1903 | D:3      | Noticed a five-headed hydra
  1903 | D:3      | Noticed a mana viper
  1903 | D:3      | Noticed a goliath frog
  1903 | D:3      | Noticed a spriggan rider
  1904 | D:3      | Noticed a swamp dragon
  1904 | D:3      | Noticed an alligator
  1905 | D:3      | Noticed a naga mage
  1905 | D:3      | Noticed an anaconda
  1905 | D:3      | Noticed a goliath frog
  1905 | D:3      | Noticed a spriggan druid
  1906 | D:3      | Noticed a bloated husk
  1908 | D:3      | Noticed a naga mage
  2126 | D:3      | Reached XP level 6. HP: 55/55 MP: 5/5
  2206 | D:4      | Found a bloodstained altar of Trog.
  2376 | D:4      | Reached skill level 5 in Fighting
  2577 | D:4      | Found a stormy altar of Qazlal.
  2897 | D:4      | Found a hazy altar of Hepliaklqana.
  3088 | D:5      | Entered Level 5 of the Dungeon
  3118 | D:5      | Reached XP level 7. HP: 61/61 MP: 6/6
  3237 | D:5      | Found an ancient bone altar of Kikubaaqudgha.
  3324 | D:5      | Noticed Ijyb
  3338 | D:5      | Killed Ijyb
  3591 | D:5      | Found Rykodax's Assorted Antiques.
  3682 | D:5      | Found a shimmering blue altar of Sif Muna.
  3766 | D:5      | Noticed a human
  3767 | D:5      | Killed a human
  3917 | D:6      | Reached skill level 6 in Fighting
  4196 | D:6      | Reached XP level 8. HP: 70/70 MP: 7/7
  4428 | D:6      | Found a snail-covered altar of Cheibriados.
  4731 | D:7      | Reached skill level 5 in Dodging
  4743 | D:7      | Found a radiant altar of Vehumet.
  4777 | D:7      | Noticed Maggie
  4780 | D:7      | Reached skill level 5 in Armour
  4794 | D:7      | Killed Maggie
  4795 | D:7      | Reached skill level 7 in Fighting
  4795 | D:7      | Reached skill level 10 in Long Blades
  4943 | D:7      | Noticed Blork the orc
  4959 | D:7      | Reached XP level 9. HP: 79/79 MP: 8/8
  4962 | D:7      | Killed Blork the orc
  5039 | D:7      | Noticed Pikel
  5049 | D:7      | Killed Pikel
  5049 | D:7      | Reached **** piety under Trog
  5050 | D:7      | Reached skill level 8 in Fighting
  5344 | D:7      | Found a staircase to the Ecumenical Temple.
  5392 | D:7      | Noticed Menkaure
  5395 | D:7      | Killed Menkaure
  5666 | D:8      | Paralysed by a hornet for 3 turns
  5904 | D:8      | Found a white marble altar of Elyvilon.
  6099 | D:8      | Found a blossoming altar of Fedhas.
  6161 | D:8      | Reached skill level 9 in Fighting
  6186 | D:8      | Found a hide-covered altar of Uskayaw.
  6198 | D:8      | Reached XP level 10. HP: 91/91 MP: 9/9
  6307 | D:8      | Found a glowing golden altar of the Shining One.
  6329 | D:8      | Found a basalt altar of Yredelemnul.
  6383 | D:8      | Found a sparkling altar of Nemelex Xobeh.
  6524 | D:9      | Found an opulent altar of Gozag.
  6580 | D:9      | Found a sacrificial altar of Ru.
  6597 | D:9      | Noticed Joseph
  6614 | D:9      | Killed Joseph
  6636 | D:9      | Noticed a two-headed ogre
  6647 | D:9      | Killed a two-headed ogre
  6738 | D:9      | Found a glowing silver altar of Zin.
  6912 | D:9      | Reached skill level 10 in Fighting
  7017 | D:9      | Reached skill level 1 in Ranged Weapons
  7056 | D:9      | Found a shadowy altar of Dithmenos.
  7658 | D:10     | Entered Level 10 of the Dungeon
  7664 | D:10     | Noticed a sixfirhy
  7665 | D:10     | Noticed a soul eater
  7667 | D:10     | Noticed a rust devil
  7705 | D:10     | Reached skill level 1 in Evocations
  7972 | D:10     | Noticed a gargoyle
  7984 | D:10     | Killed a gargoyle
  7992 | D:10     | Noticed Erica
  8008 | D:10     | Killed Erica
  8009 | D:10     | Reached XP level 11. HP: 70/101 MP: 10/10
  8059 | D:10     | Reached skill level 11 in Fighting
  8314 | D:11     | Reached ***** piety under Trog
  8315 | D:11     | Found a staircase to the Lair.
  8579 | D:11     | Reached skill level 1 in Shields
  8782 | Lair:1   | Entered Level 1 of the Lair of Beasts
  8785 | Lair:1   | Noticed a death yak
  8792 | Lair:1   | Noticed a death yak
  8796 | Lair:1   | Killed a death yak
  8796 | Lair:1   | Noticed a death yak
  8798 | Lair:1   | Noticed a death yak
  8805 | D:11     | Killed a death yak
  8933 | Lair:1   | Killed a death yak
  8936 | Lair:1   | Killed a death yak
  8937 | Lair:1   | Reached skill level 12 in Fighting
  9352 | Lair:1   | Noticed a catoblepas
  9361 | Lair:1   | Reached XP level 12. HP: 77/112 MP: 11/11
  9366 | Lair:1   | Killed a catoblepas
 10315 | Lair:2   | Reached skill level 5 in Evocations
 10513 | Lair:2   | Reached skill level 13 in Fighting
 10723 | Lair:2   | Found a staircase to the Snake Pit.
 10817 | Lair:2   | Noticed an eight-headed hydra
 10825 | Lair:2   | Killed a five-headed hydra
 11338 | Lair:3   | Reached skill level 14 in Fighting
 11387 | Lair:3   | Reached skill level 5 in Shields
 11686 | Lair:3   | Noticed an eight-headed hydra
 11695 | Lair:3   | Killed a five-headed hydra
 11696 | Lair:3   | Reached XP level 13. HP: 110/125 MP: 12/12
 12076 | Lair:3   | Reached skill level 15 in Fighting
 12083 | Lair:3   | Found a staircase to the Swamp.
 12472 | Lair:4   | Found a runed translucent gate.
 12472 | Lair:4   | Found a runed translucent gate.
 12473 | Lair:4   | Found a runed translucent gate.
 12477 | Lair:4   | Noticed Cuxurian's ghost (journeyman BaMo)
 12492 | Lair:4   | Killed Cuxurian's ghost
 12578 | Lair:4   | Found a runed translucent door.
 12583 | Lair:4   | Found a staircase to the Slime Pits.
 12592 | Lair:4   | Received a gift from Trog
 13178 | Lair:5   | Entered Level 5 of the Lair of Beasts
 13190 | Lair:4   | Reached skill level 10 in Dodging
 13337 | Lair:5   | Noticed Snorg
 13626 | Lair:5   | Reached ****** piety under Trog
 13626 | Lair:5   | Received a gift from Trog
 13675 | Lair:5   | Reached skill level 16 in Fighting
 13885 | Lair:5   | Noticed a dire elephant
 13885 | Lair:5   | Noticed a dire elephant
 13885 | Lair:5   | Noticed a dire elephant
 13886 | Lair:5   | Noticed a dire elephant
 13895 | Lair:5   | Killed a dire elephant
 14049 | Lair:5   | Reached XP level 14. HP: 137/137 MP: 13/13
 14607 | Lair:5   | HP: 6/138 [dire elephant (6)]
 14609 | Lair:5   | Demolished by a dire elephant

Illustrated notes

Levels and vault maps discovered:
D:1:      ebering_trefoil_twist, layout_basic
D:2:      layout_basic, minmay_crystal_room
D:3:      layout_loops_ring, grunt_ashenzari_visionary
          [grunt_ashenzari_visionary_swamp, grunt_ashenzari_visionary_snake],
          makhleb_altar_promises_db, nicolae_overflow_ecumenical_swirl,
          mainiacjoe_overflow_large_starburst
D:4:      layout_basic, nicolae_qazlal_scattered_showers,
          nicolae_hepliaklqana_hippocampus, amcnicky_altar_gilded
D:5:      layout_basic, tgw_kikubaaqudgha, led_sif_pool, serial_shops, shop,
          uniq_ijyb
D:6:      layout_basic, slow_altar_1, serial_aquarium, aquarium_bridge_straight
          [aquarium_subvault_bridge, aquarium_subvault_wall,
          aquarium_subvault_bridge, aquarium_subvault_window],
          aquarium_bridge_island_large [aquarium_subvault_large_open,
          aquarium_subvault_bridge, aquarium_subvault_bridge,
          aquarium_subvault_wall, aquarium_subvault_wall], aquarium_window_1,
          aquarium_window_1, aquarium_window_fake, aquarium_window_1,
          aquarium_view_2a, aquarium_view_2e
D:7:      layout_basic, nicolae_vehumet_radiance,
          minmay_temple_entry_statues_fountains, serial_undead, serial_undead_e,
          serial_undead_f, serial_undead_e, serial_undead_c, sword_in_stone,
          uniq_pikel, uniq_menkaure, uniq_maggie
D:8:      layout_rooms, kennysheep_mini_moat, nicolae_uskayaw_dance_studio,
          fedhas_bush_and_centaur_altar, nicolae_elyvilon_peaceful_grove,
          nemelex_diamond_rough_becter, lemuel_coloured_pillars_altar,
          minmay_misc_feat_nine_boxes
D:9:      layout_gridville, zin_academy, lemuel_crystal_altar,
          nicolae_gozag_seed_capital, lemuel_doored_altar, nicolae_water_bricks,
          uniq_joseph
D:10:     layout_rooms, uniq_erica
D:11:     layout_rooms, erik_lair_orcish_takeover
Lair:1:   layout_gridlike
Lair:2:   layout_cave_pods, guppyfry_snake_entry_garden
Lair:3:   statuecave_lemuel, layout_long_grid, skrybe_swamp_entry_bodies,
          lemuel_fruit_fields, grunt_megastairs_2, serial_bayou_shore_b
Lair:4:   layout_roguey, slime_entry_2, ebering_ghost_rock_garden
Lair:5:   due_jungle_book, layout_cave_shapes, amcnicky_mini_pool_medium,
          serial_bayou_shore_a, grunt_megastairs_4, serial_bayou_shore_b,
          uniq_snorg

Skill      XL: |  1  2  3  4  5  6  7  8  9 10 11 12 13 14 |
---------------+-------------------------------------------+-----
Long Blades    | 4 5 6 7 8 10 11 13 14 | 14.9
Fighting       | 4 5 6 7 9 10 12 14 16 | 16.5
Dodging        | 3 4 5 6 7 8 9 10 11 | 11.0
Armour         | 4 6 8 9 |  9.0
Ranged Weapons | 1 2 3 4 |  4.9
Evocations     | 2 4 6 7 8 |  8.2
Shields        | 3 5 8 |  8.7

Action                     |  1- 3 |  4- 6 |  7- 9 | 10-12 | 13-15 || total
---------------------------+-------+-------+-------+-------+-------++-------
  Melee: Falchion          |    71 |   129 |   104 |       |       ||   304
         Headbutt          |     8 |    15 |    40 |    90 |   100 ||   253
         Punch             |       |     3 |     4 |     1 |       ||     8
         Long sword        |       |       |    93 |   117 |       ||   210
         Scimitar          |       |       |       |   301 |    87 ||   388
         Demon blade       |       |       |       |       |   239 ||   239
   Fire: Sling             |       |       |       |    10 |    23 ||    33
 Invoke: Berserk           |       |     2 |     1 |     5 |     2 ||    10
         Trog's Hand       |       |     1 |     2 |     2 |     2 ||     7
  Evoke: Wand              |       |       |     2 |    15 |     5 ||    22
    Use: Scroll            |     1 |     3 |     1 |     4 |     7 ||    16
         Potion            |       |       |       |       |     3 ||     3
 Armour: Animal skin       |    10 |     7 |       |       |       ||    17
         Ring mail         |       |     8 |    25 |       |       ||    33
         Swamp dragon scal |       |       |    35 |   124 |   110 ||   269
  Dodge: Dodged            |    46 |    84 |   113 |   233 |   217 ||   693
  Block: Kite shield       |       |       |       |   100 |   189 ||   289
